 Dungeon Crawl Stone Soup version 0.28.0-47-ge53b351184 (webtiles) character file.

Game seed: 3273937556625267547

60984 Bruhh the Thaumaturge (level 15, -5/126 HPs)
             Began as a Gnoll Ice Elementalist on Apr 29, 2022.
             Was a Priest of the Shining One.
             Killed from afar by an ogre mage (17 damage)
             ... with a bolt of magma
             ... on level 2 of the Orcish Mines on Apr 30, 2022.
             The game lasted 01:23:23 (27076 turns).

Bruhh the Thaumaturge (Gnoll Ice Elementalist)     Turns: 27076, Time: 01:23:23

Health: -5/126     AC: 11    Str: 15    XL:     15   Next: 1%
Magic:  21/39      EV: 16    Int: 26    God:    the Shining One [***...]
Gold:   2109       SH:  0    Dex: 12    Spells: 21/35 levels left

rFire   + . .      SeeInvis .   m - staff of earth
rCold   . . .      Faith    .   (no shield)
rNeg    + . .      Spirit   .   H - +2 robe {Will+}
rPois   .          Reflect  .   A - +3 hat of Pondering {ponderous, Will+ MP+10 Int+5}
rElec   .          Harm     .   (no cloak)
rCorr   .          Rampage  .   (no gloves)
Will    +++..      Clarity  +   (no boots)
Stlth   ++........              P - amulet of magic regeneration
HPRegen 0.31/turn               D - +4 ring of protection
MPRegen 0.66/turn               G - +6 ring of strength

@: swift, marked, glowing, quick
A: fangs 1, strong nose, distributed training, clarity, fire resistance 1,
robust 1
a: Renounce Religion, Divine Shield, Cleansing Flame


You were on level 2 of the Orcish Mines.
You worshipped the Shining One.
The Shining One was most pleased with you.
You visited 5 branches of the dungeon, and saw 19 of its levels.

You collected 2109 gold pieces.

Inventory:

Hand Weapons
 x - a +3 dire flail of flaming
Missiles
 k - 384 stones
 M - 3 throwing nets
Armour
 a - a +0 robe
 A - the +3 hat of Pondering (worn) {ponderous, Will+ MP+10 Int+5}
   (You took it off Gastronok on level 1 of the Lair of Beasts)

   Int:       It affects your intelligence (+5).
   MP:        It affects your magic capacity (+10).
   Will:      It increases your willpower.
 H - a +2 robe of willpower (worn)
Magical Staves
 m - a staff of earth (weapon)
 v - a staff of death
Jewellery
 w - an amulet of the acrobat
 B - a ring of protection from fire
 D - a +4 ring of protection (left hand)
 G - a +6 ring of strength (right hand)
 P - an amulet of magic regeneration (around neck)
 X - a +4 ring of protection
Wands
 q - a wand of acid (1)
 y - a wand of iceblast (25)
 C - a wand of paralysis (6)
 I - a wand of polymorph (8)
 N - a wand of mindburst (2)
 O - a wand of charming (8)
 U - a wand of digging (4)
 Y - a wand of flame (6)
Scrolls
 f - a scroll of fear
 g - 7 scrolls of enchant weapon
 h - a scroll of torment
 i - 5 scrolls of vulnerability
 l - a scroll of amnesia
 r - 3 scrolls of noise
 t - 3 scrolls of silence
 u - a scroll of magic mapping
 E - 4 scrolls of teleportation
 K - 5 scrolls of identify
 L - 2 scrolls of enchant armour
 R - a scroll of brand weapon
 S - a scroll of fog {unknown}
Potions
 c - 2 potions of berserk rage
 d - a potion of haste
 e - 2 potions of heal wounds
 j - 2 potions of curing
 o - 2 potions of attraction
 p - a potion of degeneration
 s - 5 potions of magic {unknown}
 z - a potion of flight
 F - 2 potions of ambrosia
 J - a potion of resistance {unknown}
 Q - 2 potions of brilliance
 V - a potion of lignification {unknown}
 W - a potion of invisibility


   Skills:
 + Level 9.7 Fighting
 + Level 9.7 Short Blades
 + Level 9.7 Long Blades
 + Level 9.7 Axes
 + Level 9.7 Maces & Flails
 + Level 9.7 Polearms
 + Level 9.7 Staves
 + Level 9.7 Slings
 + Level 9.7 Bows
 + Level 9.7 Crossbows
 + Level 9.7 Throwing
 + Level 9.7 Armour
 + Level 10.7 Dodging
 + Level 10.6 Stealth
 + Level 9.7 Shields
 + Level 9.7 Unarmed Combat
 + Level 10.9 Spellcasting
 + Level 8.1 Conjurations
 + Level 8.1 Hexes
 + Level 8.1 Summonings
 + Level 8.1 Necromancy
 + Level 8.1 Translocations
 + Level 8.1 Transmutations
 + Level 8.1 Fire Magic
 + Level 10.8 Ice Magic
 + Level 8.1 Air Magic
 + Level 8.1 Earth Magic
 + Level 8.1 Poison Magic
 + Level 10.6 Invocations
 + Level 9.7 Evocations


You had 21 spell levels left.
You knew the following spells:

 Your Spells              Type           Power      Damage    Failure   Level
a - Freeze                Ice            100%       1d11      1%          1
b - Frozen Ramparts       Ice            100%       1d12      1%          3
c - Ozocubu's Armour      Ice            63%        N/A       1%          3
d - Sandblast             Erth           100%       2d20      1%          1
e - Stone Arrow           Conj/Erth      100%       3d13      1%          3
f - Swiftness             Air            54%        N/A       1%          3

Your spell library contained the following spells:

 Spells                   Type           Power      Damage    Failure   Level
 Animate Skeleton         Necr           100%       N/A       1%          1
 Apportation              Tloc           100%       N/A       1%          1
 Magic Dart               Conj           100%       1d8       1%          1
 Pain                     Necr           100%       1d9       1%          1
 Slow                     Hex            100%       N/A       1%          1
 Summon Small Mammal      Summ           100%       N/A       1%          1
 Ensorcelled Hibernation  Hex/Ice        100%       N/A       1%          2
 Passwall                 Tmut/Erth      59%        N/A       1%          2
 Poisonous Vapours        Pois/Air       100%       N/A       1%          2
 Searing Ray              Conj           100%       2d8       1%          2
 Sublimation of Blood     Necr           54%        N/A       1%          2
 Wereblood                Tmut           54%        N/A       1%          2
 Summon Guardian Golem    Hex/Summ       54%        N/A       1%          3
 Vampiric Draining        Necr           54%        2d9       1%          3
 Animate Dead             Necr           27%        N/A       1%          4
 Fulminant Prism          Conj/Hex       27%        3d14      1%          4
 Hailstorm                Conj/Ice       59%        3d13      1%          4
 Borgnjor's Vile Clutch   Necr/Erth      35%        N/A       4%          5
 Death Channel            Necr           27%        N/A       22%         6
 Summon Hydra             Summ           27%        N/A       77%         7


Dungeon Overview and Level Annotations

Branches:
Dungeon (9/15)             Temple (1/1) D:7            Lair (6/6) D:9
  Swamp (0/4) Lair:4       Spider (0/4) Lair:2        Slime (1/5) Lair:6
    Orc (2/2) D:9             Elf (0/3) Orc:2

Altars:
Ashenzari
Cheibriados
Dithmenos
Elyvilon
Fedhas
Gozag
Hepliaklqana
Kikubaaqudgha
Makhleb
Nemelex Xobeh
Okawaru
Qazlal
Ru
Sif Muna
Trog
Uskayaw
Vehumet
Wu Jian
Xom
Yredelemnul
Zin
The Shining One
Beogh

Shops:
D:1 *   D:3 ??*!   D:5 *((   Orc:1 !   Orc:2 (**

Annotations:
Lair:2 2 transporters, Katirhy's ghost, journeyman DjCj


Innate Abilities, Weirdness & Mutations

You have very sharp teeth.
Your uncanny sense of smell can sniff out nearby items.
Your experience applies equally to all skills.
You possess an exceptional clarity of mind.
Your flesh is heat resistant. (rF+)
You are robust. (+10% HP)


Message History

The troll bites you!
* * * LOW HITPOINT WARNING * * *
The troll misses you. x2; The ogre closely misses you.
Casting: Stone Arrow (safe; 1% risk of failure)
Confirm with . or Enter, or press ? or * to list all spells.
You feel quick. The troll bites you but does no damage.
The troll claws you but does no damage. The troll barely misses you.
The ogre hits you with a +0 giant club!
* * * LOW HITPOINT WARNING * * *
An ogre comes into view. It is wielding a +0 giant club.
The ogre shouts!
The ogre pulls the alarm!
The alarm trap emits a blaring wail!
A sentinel's mark forms upon you. The troll misses you.
The troll closely misses you. The troll claws you but does no damage.
You hear two shouts!
You hear a shout! x11
Really walk into that teleport trap?
You enter a teleport trap!
The teleport trap disappears.
Your surroundings suddenly seem different.
An ogre mage comes into view. It is wielding a +0 club.
The ogre mage mumbles some strange words.
The ogre mage flickers and vanishes!
Deactivating autopickup; reactivate with Ctrl-A.
Things that are here:
a +0 plate armour; a +0 hand axe The ogre mage casts a spell at you.
The bolt of magma misses you.
An ogre comes into view. It is wielding a +0 giant spiked club.
The ogre mage hits you but does no damage.
Things that are here:
a +0 scale mail; a +0 hand axe A troll comes into view.
The ogre barely misses you.
The troll moves out of view.
Things that are here:
a +0 hand axe; a +0 plate armour; a +0 dire flail
There is a stone staircase leading up, spattered with blood here.
The ogre mage gestures at you while chanting.
The bolt of magma hits you! You partially resist.
You die...

## #.....## ..O...∩.#
##.#####......### .∩......#
#....##..∩...##.##.O......#
##.........#.#...##OT.OO.
##....#).......#.#.#...O.
#......#.........TT.TT.#
##.##..[.........#.))O#
#...#...)....O...#.#.### #
#...#....[O@...#......##.##
#...#.#..[.O.OO.O............#
#.# ..#..[[...OO..........##.##
...##.....T..O..........## #
#....#.[...T...............#
..#............O......#....#
.....................##.#.##
............O.)..........##
...........................#...


You could see 5 two-headed ogres, an ogre mage (invisible), a deep troll, 3
trolls and 5 ogres.

Vanquished Creatures
  Gastronok (Lair:1)
  An azure jelly (Slime:1)
  A quicksilver ooze (Lair:6)
  A dire elephant (Lair:6)
  A great orb of eyes (Slime:1)
  3 catoblepae
  Harold (D:8)
  3 hydras
  2 ogre magi
  Erica (Lair:2)
  A boulder beetle (Lair:2)
  A deep troll shaman (Lair:6)
  8 two-headed ogres
  7 death yaks (Lair:6)
  An orc high priest (Orc:2)
  An orc knight (D:9)
  Pikel (D:5)
  A lindwurm (Lair:5)
  2 cyclopes
  4 elephants (Lair:6)
  Maurice (Orc:1)
  5 black mambas
  3 torpor snails (Lair:6)
  16 cane toads
  Psyche (D:9)
  9 komodo dragons
  2 rime drakes
  9 polar bears
  5 trolls
  Grinder (D:5)
  A hornet (Lair:2)
  15 blink frogs
  3 slime creatures (D:7)
  6 dream sheep (Lair:6)
  7 wyverns
  Eustachio (D:4)
  40 yaks
  5 basilisks
  A steam dragon (Lair:3)
  Edmund (D:5)
  Menkaure (D:6)
  3 wargs
  A swamp worm (Lair:4)
  16 water moccasins
  15 orc warriors
  An ice beast (D:6)
  4 black bears
  13 ogres
  4 boggarts (Lair:6)
  34 wolves
  2 centaurs
  2 phantoms
  3 kobold brigands
  12 bullfrogs
  4 scorpions
  A wyvern skeleton (D:7)
  2 electric eels (Lair:4)
  A howler monkey (D:7)
  A centaur zombie (D:5)
  4 hounds
  A bullfrog skeleton (D:4)
  12 orc priests
  8 orc wizards
  2 iguanas
  6 hell rats (Lair:4)
  2 killer bee zombies
  5 howler monkey zombies
  3 gnolls (D:6)
  10 adders
  13 white imps
  An ufetubus (D:5)
  An adder skeleton (D:4)
  3 worms
  2 dart slugs
  55 orcs
  6 endoplasms
  2 giant cockroaches (Lair:2)
  7 goblins
  7 hobgoblins
  13 jackals
  27 kobolds
  3 quokkas
  6 ball pythons
  4 bats
  3 frilled lizards
  3 rats (D:2)
  2 butterflies
505 creatures vanquished.

Vanquished Creatures (others)
  3 bushes
  44 fungi
  85 plants
132 creatures vanquished.

Grand Total: 637 creatures vanquished

Notes
Turn   | Place    | Note
-------+----------+-------------------------------------------
     0 | D:1      | Bruhh the Gnoll Ice Elementalist began the quest for the
                  | Orb.
     0 | D:1      | Reached XP level 1. HP: 13/13 MP: 6/6
   172 | D:1      | Reached XP level 2. HP: 19/19 MP: 5/7
   539 | D:1      | Reached XP level 3. HP: 24/25 MP: 3/9
   590 | D:1      | Found Qopsid's General Store.
   693 | D:1      | Reached skill level 5 in Spellcasting
   994 | D:2      | Reached skill level 1 in Invocations
  1073 | D:2      | Reached skill level 1 in Fighting
  1073 | D:2      | Reached skill level 1 in Short Blades
  1073 | D:2      | Reached skill level 1 in Long Blades
  1073 | D:2      | Reached skill level 1 in Axes
  1073 | D:2      | Reached skill level 1 in Maces & Flails
  1073 | D:2      | Reached skill level 1 in Polearms
  1073 | D:2      | Reached skill level 1 in Staves
  1073 | D:2      | Reached skill level 1 in Slings
  1073 | D:2      | Reached skill level 1 in Bows
  1073 | D:2      | Reached skill level 1 in Crossbows
  1073 | D:2      | Reached skill level 1 in Throwing
  1073 | D:2      | Reached skill level 1 in Armour
  1073 | D:2      | Reached skill level 1 in Shields
  1073 | D:2      | Reached skill level 1 in Unarmed Combat
  1073 | D:2      | Reached skill level 1 in Evocations
  1079 | D:2      | Reached XP level 4. HP: 32/32 MP: 6/11
  1557 | D:2      | Reached skill level 1 in Conjurations
  1557 | D:2      | Reached skill level 1 in Hexes
  1557 | D:2      | Reached skill level 1 in Summonings
  1557 | D:2      | Reached skill level 1 in Necromancy
  1557 | D:2      | Reached skill level 1 in Translocations
  1557 | D:2      | Reached skill level 1 in Transmutations
  1557 | D:2      | Reached skill level 1 in Fire Magic
  1557 | D:2      | Reached skill level 1 in Air Magic
  1557 | D:2      | Reached skill level 1 in Earth Magic
  1557 | D:2      | Reached skill level 1 in Poison Magic
  1755 | D:2      | Found a faded altar of an unknown god.
  2281 | D:3      | Found Liesol's Distillery.
  2471 | D:3      | Found a radiant altar of Vehumet.
  2472 | D:3      | Found a burning altar of Makhleb.
  2473 | D:3      | Found a snail-covered altar of Cheibriados.
  2476 | D:3      | Found a broken altar of Ashenzari.
  2535 | D:3      | Reached XP level 5. HP: 37/37 MP: 10/12
  2764 | D:3      | Found Jum Biont's Assorted Antiques.
  2871 | D:3      | Found Ucozaz's Magic Scroll Emporium.
  2945 | D:3      | Found Tavut's Magic Scroll Boutique.
  3420 | D:3      | Learned a level 3 spell: Frozen Ramparts
  3424 | D:3      | Learned a level 3 spell: Ozocubu's Armour
  3426 | D:3      | Learned a level 1 spell: Sandblast
  3903 | D:4      | Noticed Eustachio
  3989 | D:5      | Entered Level 5 of the Dungeon
  4105 | D:4      | Killed Eustachio
  4106 | D:4      | Reached skill level 5 in Dodging
  4106 | D:4      | Reached XP level 6. HP: 10/44 MP: 8/14
  4354 | D:4      | Noticed an orc warrior
  4364 | D:4      | Killed an orc warrior
  4365 | D:4      | Reached XP level 7. HP: 33/50 MP: 5/15
  4797 | D:5      | Reached skill level 5 in Stealth
  4829 | D:5      | Noticed Edmund
  4851 | D:5      | Killed Edmund
  5048 | D:5      | Reached XP level 8. HP: 36/57 MP: 9/16
  5462 | D:5      | Found Litezu's General Store.
  5747 | D:5      | Noticed Pikel
  5754 | D:5      | Killed Pikel
  5831 | D:5      | Found Feddelut's Antique Weapon Emporium.
  5850 | D:5      | Noticed Grinder
  5862 | D:5      | Killed Grinder
  5863 | D:5      | Reached XP level 9. HP: 23/65 MP: 11/18
  6176 | D:5      | Found Nuus's Antique Weapon Shop.
  6968 | D:6      | Noticed Menkaure
  6972 | D:6      | Killed Menkaure
  8652 | D:7      | Found a staircase to the Ecumenical Temple.
  8839 | D:7      | Reached skill level 5 in Invocations
  8859 | D:7      | Learned a level 3 spell: Stone Arrow
  8886 | Temple   | Entered the Ecumenical Temple
  9307 | Temple   | Became a worshipper of Elyvilon the Healer
  9891 | D:8      | Reached XP level 10. HP: 73/73 MP: 9/20
 10227 | D:8      | Noticed Harold
 10680 | D:8      | Killed Harold
 10681 | D:8      | Reached skill level 5 in Fighting
 10681 | D:8      | Reached skill level 5 in Short Blades
 10681 | D:8      | Reached skill level 5 in Long Blades
 10681 | D:8      | Reached skill level 5 in Axes
 10681 | D:8      | Reached skill level 5 in Maces & Flails
 10681 | D:8      | Reached skill level 5 in Polearms
 10681 | D:8      | Reached skill level 5 in Staves
 10681 | D:8      | Reached skill level 5 in Slings
 10681 | D:8      | Reached skill level 5 in Bows
 10681 | D:8      | Reached skill level 5 in Crossbows
 10681 | D:8      | Reached skill level 5 in Throwing
 10681 | D:8      | Reached skill level 5 in Armour
 10681 | D:8      | Reached skill level 5 in Shields
 10681 | D:8      | Reached skill level 5 in Unarmed Combat
 10681 | D:8      | Reached skill level 5 in Evocations
 10972 | D:8      | Reached * piety under Elyvilon
 11102 | D:9      | Noticed Psyche
 11113 | D:9      | Killed Psyche
 11677 | D:9      | Noticed a two-headed ogre
 11685 | D:9      | Killed a two-headed ogre
 12145 | D:9      | Reached XP level 11. HP: 81/81 MP: 5/22
 12544 | D:9      | Found a staircase to the Lair.
 12552 | D:9      | Noticed a two-headed ogre
 12614 | D:9      | Killed a two-headed ogre
 12615 | D:9      | Reached skill level 5 in Conjurations
 12615 | D:9      | Reached skill level 5 in Hexes
 12615 | D:9      | Reached skill level 5 in Summonings
 12615 | D:9      | Reached skill level 5 in Necromancy
 12615 | D:9      | Reached skill level 5 in Translocations
 12615 | D:9      | Reached skill level 5 in Transmutations
 12615 | D:9      | Reached skill level 5 in Fire Magic
 12615 | D:9      | Reached skill level 5 in Air Magic
 12615 | D:9      | Reached skill level 5 in Earth Magic
 12615 | D:9      | Reached skill level 5 in Poison Magic
 12915 | D:9      | Found a staircase to the Orcish Mines.
 13278 | Lair:1   | Entered Level 1 of the Lair of Beasts
 13938 | Lair:1   | Reached ** piety under Elyvilon
 14194 | Lair:1   | Gained mutation: Your flesh is heat resistant. (rF+)
                  | [potion of mutation]
 14194 | Lair:1   | Gained mutation: You are robust. (+10% HP) [potion of
                  | mutation]
 14194 | Lair:1   | Gained mutation: You possess an exceptional clarity of
                  | mind. [potion of mutation]
 15525 | Lair:2   | Noticed a catoblepas
 15552 | Lair:2   | Killed a catoblepas
 15760 | Lair:2   | Reached XP level 12. HP: 97/97 MP: 18/24
 15789 | Lair:2   | Found a transporter.
 15792 | Lair:2   | Noticed Katirhy's ghost (journeyman DjCj)
 15807 | Lair:2   | Noticed Erica
 15827 | Lair:2   | Killed Erica
 15971 | Lair:2   | Reached *** piety under Elyvilon
 15976 | Lair:2   | Learned a level 3 spell: Swiftness
 16037 | Lair:2   | Noticed Gastronok
 16230 | Lair:2   | Noticed a boulder beetle
 16231 | Lair:2   | Found a hole to the Spider Nest.
 16863 | Lair:1   | Killed Gastronok
 17731 | Lair:2   | Found a transporter.
 17955 | Lair:2   | Killed a boulder beetle
 18569 | Lair:3   | Reached **** piety under Elyvilon
 18621 | Lair:3   | Noticed a six-headed hydra
 18631 | Lair:3   | Killed a six-headed hydra
 18683 | Lair:3   | Reached XP level 13. HP: 107/107 MP: 26/26
 19214 | Lair:3   | Reached ***** piety under Elyvilon
 19834 | Lair:4   | Got Ugo Deem's Papyrus of Air and Enchantment
 20319 | Lair:4   | Found a staircase to the Swamp.
 20384 | Lair:4   | Reached skill level 10 in Ice Magic
 21375 | Lair:6   | Entered Level 6 of the Lair of Beasts
 21956 | Lair:6   | Reached skill level 10 in Spellcasting
 22774 | Lair:6   | Reached ****** piety under Elyvilon
 22798 | Lair:6   | Reached skill level 10 in Dodging
 22915 | Lair:6   | Reached XP level 14. HP: 116/116 MP: 28/28
 23259 | Lair:6   | Found a staircase to the Slime Pits.
 23452 | Lair:6   | Reached skill level 10 in Stealth
 23866 | Lair:6   | Reached skill level 10 in Invocations
 23981 | Lair:6   | Noticed a dire elephant
 23998 | Lair:6   | Killed a dire elephant
 24312 | Slime:1  | Entered Level 1 of the Pits of Slime
 24312 | Slime:1  | Noticed an azure jelly
 24322 | Slime:1  | Killed an azure jelly
 24326 | Slime:1  | Noticed a quicksilver ooze
 24771 | Lair:6   | Killed a quicksilver ooze
 25094 | Orc:1    | Entered Level 1 of the Orcish Mines
 25094 | Orc:1    | Found a frozen archway.
 25811 | Temple   | Fell from the grace of Elyvilon
 25811 | Temple   | Became a worshipper of the Shining One
 25811 | Temple   | Reached * piety under the Shining One
 25811 | Temple   | Reached ** piety under the Shining One
 25972 | Orc:1    | Noticed Maurice
 25978 | Orc:1    | Killed Maurice
 26143 | Orc:1    | Found Virchiuni's Distillery.
 26469 | Orc:2    | Entered Level 2 of the Orcish Mines
 26469 | Orc:2    | Found Iluoj's Weapon Emporium.
 26591 | Orc:2    | Reached *** piety under the Shining One
 26687 | Orc:2    | Found a staircase to the Elven Halls.
 26727 | Orc:2    | Found Joruyh's Assorted Antiques.
 26728 | Orc:2    | Found Paephi's General Store.
 27057 | Orc:2    | Reached XP level 15. HP: 33/126 MP: 19/29
 27076 | Orc:2    | Killed from afar by an ogre mage

Illustrated notes

Levels and vault maps discovered:
D:1:      dpeg_arrival_pits, layout_basic, serial_shops, nicolae_shop_crystal,
          minivault_19
D:2:      layout_basic, shapermc_ecumenical_altar_mp_highgroup
D:3:      layout_loops_cross, minitemple, serial_shops, shop, shop,
          shop_fountains, shop, corexii_leaking_fountain
D:4:      layout_basic, uniq_eustachio
D:5:      cheibrodos_thug_alley, layout_basic, serial_shops, shop_coins,
          nicolae_take_the_stairs, nicolae_lakefront_shop,
          minmay_misc_feat_diagonals, uniq_edmund, uniq_grinder, uniq_pikel
D:6:      layout_cave_pools, uniq_menkaure
D:7:      layout_basic, minmay_temple_entry_statues_pillars
D:8:      layout_basic, minivault_23, uniq_harold
D:9:      layout_loops_ring, minmay_lair_entry_grove, david_orc_5, uniq_psyche
Temple:   regret_index_temple_mists
Lair:1:   layout_regular_city
Lair:2:   layout_cave_pods, nicolae_spider_entry_non_spiders,
          gammafunk_ghost_arena, grunt_megastairs_4, lemuel_fruit_fields,
          uniq_gastronok, uniq_erica
Lair:3:   layout_loops_ring, beast_lair_carwin_1
Lair:4:   layout_cave_shapes, nicolae_swamp_entry_splash_gauntlet,
          gammafunk_lair_bear_cave, lemuel_fruit_fields
Lair:5:   layout_regular_city, serial_bayou_shore_b
Lair:6:   grunt_lair_end_beastmaster, layout_loops_ring,
          dpeg_slime_entry_corner, kilobyte_rumbling_trees, lemuel_fruit_tree,
          infiniplex_staircase_pool_2
Slime:1:  layout_caves
Orc:1:    layout_diamond_mine, serial_shops, shop, portal_ice_cave_entry_imps,
          uniq_maurice, uniq_urug
Orc:2:    st_orc_open, layout_caves, serial_shops, nicolae_lakefront_shop,
          nicolae_shop_trees, shop_coins, minmay_shop_enchanted_jewellery,
          uniq_donald

Skill      XL: |  1  2  3  4  5  6  7  8  9 10 11 12 13 14 |
---------------+-------------------------------------------+-----
Spellcasting   | 5 6 7 8 9 10 | 10.9
Invocations    | 1 2 3 4 5 6 7 8 9 10 | 10.6
Fighting       | 1 2 3 4 5 6 7 8 9 |  9.7
Short Blades   | 1 2 3 4 5 6 7 8 9 |  9.7
Long Blades    | 1 2 3 4 5 6 7 8 9 |  9.7
Axes           | 1 2 3 4 5 6 7 8 9 |  9.7
Maces & Flails | 1 2 3 4 5 6 7 8 9 |  9.7
Polearms       | 1 2 3 4 5 6 7 8 9 |  9.7
Staves         | 1 2 3 4 5 6 7 8 9 |  9.7
Slings         | 1 2 3 4 5 6 7 8 9 |  9.7
Bows           | 1 2 3 4 5 6 7 8 9 |  9.7
Crossbows      | 1 2 3 4 5 6 7 8 9 |  9.7
Throwing       | 1 2 3 4 5 6 7 8 9 |  9.7
Armour         | 1 2 3 4 5 6 7 8 9 |  9.7
Shields        | 1 2 3 4 5 6 7 8 9 |  9.7
Unarmed Combat | 1 2 3 4 5 6 7 8 9 |  9.7
Evocations     | 1 2 3 4 5 6 7 8 9 |  9.7
Conjurations   | 1 2 3 4 5 6 7 8 |  8.1
Hexes          | 1 2 3 4 5 6 7 8 |  8.1
Summonings     | 1 2 3 4 5 6 7 8 |  8.1
Necromancy     | 1 2 3 4 5 6 7 8 |  8.1
Translocations | 1 2 3 4 5 6 7 8 |  8.1
Transmutations | 1 2 3 4 5 6 7 8 |  8.1
Fire Magic     | 1 2 3 4 5 6 7 8 |  8.1
Air Magic      | 1 2 3 4 5 6 7 8 |  8.1
Earth Magic    | 1 2 3 4 5 6 7 8 |  8.1
Poison Magic   | 1 2 3 4 5 6 7 8 |  8.1
Dodging        | 5 6 7 8 9 10 | 10.7
Stealth        | 5 6 7 8 9 10 | 10.6
Ice Magic      | 8 9 10 | 10.8

Action                   |  1- 3 |  4- 6 |  7- 9 | 10-12 | 13-15 || total
-------------------------+-------+-------+-------+-------+-------++-------
Melee: Unarmed           |     4 |     5 |       |       |       ||     9
       Staff             |       |    57 |   106 |   126 |    21 ||   310
       Bite              |       |     5 |     9 |    22 |     2 ||    38
       Punch             |       |       |     4 |     9 |     3 ||    16
 Cast: Freeze            |    42 |    84 |    33 |       |       ||   159
       Sandblast         |       |    14 |    82 |     8 |       ||   104
       Frozen Ramparts   |       |     4 |    12 |    30 |    19 ||    65
       Ozocubu's Armour  |       |     2 |     8 |    20 |    17 ||    47
       Stone Arrow       |       |       |     8 |   215 |   431 ||   654
       Swiftness         |       |       |       |       |     1 ||     1
Invok: Heal Self         |       |       |       |       |     7 ||     7
       Divine Vigour     |       |       |       |       |     1 ||     1
Evoke: Wand              |       |       |       |     5 |     3 ||     8
  Use: Potion            |       |       |       |    15 |     2 ||    17
       Scroll            |       |       |       |    14 |     8 ||    22
 Stab: Sleeping          |       |     2 |     2 |       |       ||     4
Armor: Robe              |     3 |    67 |    34 |    78 |   144 ||   326
Dodge: Dodged            |    36 |   143 |   155 |   243 |   317 ||   894
